 Dungeon Crawl Stone Soup version 0.27.0-1-g7a089689b8 (webtiles) character file.

Game seed: 7052385398786211971

62 GordonOverkill the Grave Robber (level 3, -7/16 HPs)
             Began as a Felid Necromancer on Aug 4, 2021.
             Killed from afar by Ijyb (10 damage)
             ... with a puff of flame
             ... on level 3 of the Dungeon.
             The game lasted 00:04:08 (2926 turns).

GordonOverkill the Grave Robber (Felid Necromancer) Turns: 2926, Time: 00:04:09

Health: -7/16      AC:  1    Str:  4    XL:     3   Next: 85%
Magic:  17/17      EV: 17    Int: 17    God:
Gold:   94         SH:  0    Dex: 16    Spells: 5/7 levels left
                                        Lives:  0   Deaths: 0

rFire    . . .     SeeInvis +   (weapon unavailable)
rCold    . . .     Faith    .   (shield unavailable)
rNeg     . . .     Spirit   .   (armour unavailable)
rPois    .         Reflect  .   (helmet unavailable)
rElec    .         Harm     .   (cloak unavailable)
rCorr    .         Rampage  .   (gloves unavailable)
Will     .....                  (boots unavailable)
Stlth    ++........             (no amulet)
HPRegen  0.05/turn              c - ring of magical power
MPRegen  0.15/turn              (no ring)

@: very slightly contaminated, quick
A: very small, claws 1, fangs 3, see invisible, speed 1, shaggy fur 1, stealthy
paws, no weapons or thrown items, no armour, multi-lived
a: no special abilities


You were on level 3 of the Dungeon.
You visited 1 branch of the dungeon, and saw 3 of its levels.

You collected 94 gold pieces.

Inventory:

Jewellery
 c - a ring of magical power (left paw)
 i - an amulet of guardian spirit
Scrolls
 a - a scroll of fear {unknown}
 b - a scroll of holy word {unknown}
 d - a scroll of noise {unknown}
 e - a scroll of teleportation {unknown}
 g - a scroll of enchant armour {unknown}
Potions
 h - a potion of curing {unknown}


   Skills:
 + Level 2.0 Fighting
 - Level 2.8 Dodging
 - Level 2.6 Stealth
 - Level 0.1 Unarmed Combat
 + Level 2.8 Spellcasting
 - Level 4.0 Necromancy
 + Level 1.3 Fire Magic


You had 5 spell levels left.
You knew the following spells:

 Your Spells              Type           Power      Damage    Failure   Level
a - Pain                  Necr           60%        1d7       3%          1
b - Foxfire               Conj/Fire      16%        2x1d4     14%         1

Your spell library contained the following spells:

 Spells                   Type           Power      Damage    Failure   Level
 Animate Skeleton         Necr           30%        N/A       3%          1
 Vampiric Draining        Necr           7%         2d7       11%         3
 Animate Dead             Necr           7%         N/A       34%         4
 Conjure Flame            Conj/Fire      4%         6-21      38%         3
 Inner Flame              Hex/Fire       4%         N/A       38%         3
 Agony                    Necr           15%        N/A       67%         5


Dungeon Overview and Level Annotations

Branches:
Dungeon (3/15)

Altars:

Annotations:
D:3 Ijyb


Innate Abilities, Weirdness & Mutations

You have sharp claws.
You have razor-sharp teeth.
You have supernaturally acute eyesight. (SInv)
You cover ground quickly. (Speed+)
You are covered in fur. (AC +1)
Your paws help you pounce on unaware monsters.
You are incapable of wielding weapons or throwing items.
You cannot wear armour.
You gain extra lives every three experience levels.


Message History

The foxfire hits Ijyb but does no damage.
Ijyb is lightly wounded.
Casting: Foxfire (safe; 14% risk of failure)
Confirm with . or Enter, or press ? or * to list all spells.
You conjure some foxfire!
Casting: Foxfire (safe; 14% risk of failure)
Confirm with . or Enter, or press ? or * to list all spells.
You conjure some foxfire!
The foxfire hits Ijyb but does no damage.
Ijyb is lightly wounded.
The foxfire hits Ijyb but does no damage.
Ijyb is lightly wounded.
Casting: Foxfire (safe; 14% risk of failure)
Confirm with . or Enter, or press ? or * to list all spells.
You conjure some foxfire!
The foxfire hits Ijyb.
Ijyb completely resists.
Ijyb is lightly wounded.
The foxfire hits Ijyb.
Ijyb completely resists.
Ijyb is lightly wounded.
Casting: Foxfire (safe; 14% risk of failure)
Confirm with . or Enter, or press ? or * to list all spells.
You conjure some foxfire!
The foxfire hits Ijyb but does no damage.
Ijyb is lightly wounded.
The foxfire hits Ijyb but does no damage.
Ijyb is lightly wounded.
Ijyb hits you with a +0 club.
The foxfire hits Ijyb.
Ijyb completely resists.
Ijyb is lightly wounded.
The foxfire hits Ijyb but does no damage.
Ijyb is lightly wounded.
Unknown command.
Unknown command.
Unknown command.
You open the door.
Ijyb zaps a wand.
The puff of flame hits you!
Ouch! That really hurt!
* * * LOW HITPOINT WARNING * * *
It was a potion of magic.
Magic courses through your body.
Ijyb zaps a wand.
The puff of flame hits you!
Ouch! That really hurt!
You die...

..#.###..#........# #.#
..#....#.##############.####
.......+...................+
..#....#..###.....#####.####
..#.#####.# #.....# #.#
..#.# #.###.....# #+# ###.#
#..##.....# ..# ##.##...g.#
. ... #.##...@ยง# . ..
#..###'### . ##g# #. .
#.###. . #..##. . ##.##. .
#.##. . #..#. . ##.#


You could see Ijyb.

Vanquished Creatures
  A hound (D:3)
  An adder (D:2)
  6 endoplasms
  A giant cockroach (D:2)
  5 hobgoblins
  2 ball pythons
  A bat (D:1)
  A frilled lizard (D:2)
  3 kobolds
21 creatures vanquished.

Vanquished Creatures (others)
  29 foxfires
29 creatures vanquished.

Grand Total: 50 creatures vanquished

Notes
Turn   | Place    | Note
-------+----------+-------------------------------------------
     0 | D:1      | GordonOverkill the Felid Necromancer began the quest for
                  | the Orb.
     0 | D:1      | Reached XP level 1. HP: 7/7 MP: 4/4
   982 | D:1      | Found a faded altar of an unknown god.
  1326 | D:2      | Reached skill level 1 in Fighting
  1326 | D:2      | Reached XP level 2. HP: 10/12 MP: 6/6
  1449 | D:2      | Learned a level 1 spell: Foxfire
  2456 | D:3      | Reached skill level 1 in Fire Magic
  2456 | D:3      | Reached XP level 3. HP: 4/16 MP: 8/8
  2888 | D:3      | Noticed Ijyb
  2926 | D:3      | Killed from afar by Ijyb

Illustrated notes

Levels and vault maps discovered:
D:1:      dpeg_arrival_line_fractal, layout_rooms,
          shapermc_ecumenical_altar_totnotflames
D:2:      layout_loops_ring
D:3:      layout_basic, chequers_serial_rivers_micro_c, uniq_ijyb

Skill      XL: |  1  2  3 |
---------------+----------+-----
Fighting       | 1 2 |  2.0
Fire Magic     | 1 |  1.3
Dodging        | |  2.8
Stealth        | |  2.6
Unarmed Combat | |  0.1
Spellcasting   | |  2.8
Necromancy     | |  4.0

Action                   || total
-------------------------++-------
 Cast: Pain              ||    43
       Foxfire           ||    17
  Use: Potion            ||     1
Armor: Skin              ||     2
Dodge: Dodged            ||     5
